 Dungeon Crawl Stone Soup version 0.30-a0-331-g8ab09dc110 (webtiles) character file.

Game seed: 170168637658259610

564732 ragingrage the Warrior (level 25, -3/209 (210) HPs)
             Began as a Demonspawn Wanderer on Oct 29, 2022.
             Was the Champion of Okawaru.
             Killed from afar by an ancient lich (38 damage)
             ... with a bolt of acid
             ... on level 5 of the Vaults.
             The game lasted 01:31:03 (50910 turns).

ragingrage the Warrior (Demonspawn Wanderer)       Turns: 50910, Time: 01:31:04

HP:   -3/209 (210)  AC: 25    Str: 21    XL:     25   Next: 45%
MP:   32/32         EV: 20    Int: 18    God:    Okawaru [******]
Gold: 4196          SH:  8    Dex: 16    Spells: 23/26 levels left

rFire   + + +      SeeInvis .    a - +9 lajatang (spect)
rCold   + + +      Faith    .    (shield currently unavailable)
rNeg    + . .      Spirit   .    K - +3 storm dragon scales {Bai Suzhen}
rPois   +          Reflect  .    x - +3 hat of Untold Secrets {+Blink rN+ Will+}
rElec   +          Harm     .    A - +1 cloak of Starlight {*Dazzle EV+4 Stlth--}
rCorr   .          Rampage  .    (gloves unavailable)
Will    ++...                    J - +2 pair of boots {Fly}
Stlth   ..........               U - amulet of Doachom {rPois rF+ Regen+ Str+2}
HPRegen 1.34/turn                g - +4 ring of slaying
MPRegen 0.23/turn                c - ring "Ariad" {Drain rPois rF++ rC+++ Str+2}

@: corroded, flying, lightly drained
A: large bone plates 3, (demonic guardian 2), powered by death 3, corrupting
presence 2, demonic touch 3
}: 3/15 runes: decaying, silver, gossamer
a: Renounce Religion, Evoke Blink, Heroism, Finesse, Duel


You were on level 5 of the Vaults.
You worshipped Okawaru.
Okawaru was exalted by your worship.
You visited 8 branches of the dungeon, and saw 42 of its levels.
You visited 2 bazaars.
You also visited: Gauntlet, Ice Cave and Wizlab.

You collected 7995 gold pieces.
You spent 3799 gold pieces at shops.

Inventory:

Hand Weapons
 a - a +9 spectral lajatang (weapon)
Missiles
 b - 10 boomerangs (quivered)
 n - a throwing net
 r - 13 curare-tipped darts
 y - 20 javelins
 W - a silver javelin
Armour
 f - the +11 crystal plate armour of Womnuodi {Int+3}
   (You acquired it on level 1 of the Vaults)

   Int:       It affects your intelligence (+3).
 x - the +3 hat of Untold Secrets (worn) {+Blink rN+ Will+}
   (Okawaru gifted it to you on level 3 of the Vaults)

   rN:        It protects you from negative energy.
   +Blink:    It lets you blink.
   Will:      It increases your willpower.
 A - the +1 cloak of Starlight (worn) {*Dazzle EV+4 Stlth--}
   (Okawaru gifted it to you on level 15 of the Dungeon)

   It may blind those who miss an attack against the wearer in melee combat.
   EV:        It affects your evasion (+4).
   Stlth:     It makes you much less stealthy.
 J - a +2 pair of boots of flying (worn)
 K - +3 storm dragon scales (worn) {Bai Suzhen}
Jewellery
 c - the ring "Ariad" (right hand) {Drain rPois rF++ rC+++ Str+2}
   (You found it on level 2 of the Swamp)

   [ring of poison resistance]

   Str:       It affects your strength (+2).
   rF:        It greatly protects you from fire.
   rC:        It renders you almost immune to cold.
   rPois:     It protects you from poison.
   Drain:     It drains your maximum health when unequipped.
 g - a +4 ring of slaying (left hand)
 h - a ring of see invisible
 o - the ring "Ceqe" {rN+ Str+5 Int+6}
   (You took it off a deep elf high priest on level 5 of the Vaults)

   [ring of intelligence]

   Str:       It affects your strength (+5).
   Int:       It affects your intelligence (+6).
   rN:        It protects you from negative energy.
 B - a +4 ring of protection
 U - the amulet of Doachom (around neck) {rPois rF+ Regen+ Str+2}
   (You found it on level 5 of the Lair of Beasts)

   [amulet of regeneration]

   Str:       It affects your strength (+2).
   rF:        It protects you from fire.
   rPois:     It protects you from poison.
   Regen:     It increases your rate of health regeneration.
Wands
 e - a wand of roots (27)
 E - a wand of flame (122)
 F - a wand of acid (11)
 P - a wand of mindburst (20)
 Y - a wand of digging (13)
Scrolls
 i - 9 scrolls of immolation
 p - 4 scrolls of magic mapping
 q - 25 scrolls of teleportation
 s - 9 scrolls of fear
 v - 3 scrolls of enchant armour
 w - 4 scrolls of enchant weapon
 z - 11 scrolls of vulnerability
 I - 5 scrolls of blinking
 L - 7 scrolls of poison
 N - 5 scrolls of silence
 V - 7 scrolls of brand weapon
 Z - 4 scrolls of torment
Potions
 d - 18 potions of heal wounds
 j - 11 potions of might
 k - 13 potions of attraction
 l - 16 potions of curing
 m - 6 potions of invisibility
 G - 4 potions of flight
 H - a potion of magic
 M - 5 potions of berserk rage
 O - 13 potions of lignification
 Q - 6 potions of ambrosia
 R - 7 potions of cancellation
 S - 7 potions of haste
 T - 8 potions of mutation
 X - 3 potions of resistance
Miscellaneous
 t - a tin of tremorstones (2/2)
 u - a lightning rod (4/4)
 C - a phial of floods
 D - a condenser vane


   Skills:
 - Level 20.0 Fighting
 - Level 10.5(16.0) Polearms
 + Level 19.1(20.0) Staves
 + Level 13.3 Throwing
 + Level 16.4 Armour
 + Level 16.2 Dodging
 + Level 4.3 Stealth
 - Level 6.9 Shields
 - Level 1.0 Spellcasting
 * Level 0.0 Transmutations
 - Level 5.1 Ice Magic
 - Level 13.0 Invocations
 + Level 14.2 Evocations


You had 23 spell levels left.
You knew the following spells:

 Your Spells              Type           Power      Damage    Failure   Level
a - Freeze                Ice            76%        1d8       11%         1
b - Wereblood             Tmut           0%         N/A       80%         2

Your spell library contained the following spells:

 Spells                   Type           Power      Damage    Failure   Level
 Frozen Ramparts          Ice            38%        1d6       32%         3
 Ozocubu's Armour         Ice            19%        N/A       32%         3
 Ensorcelled Hibernation  Hex/Ice        20%        N/A       43%         2
 Kiss of Death            Conj/Necr      0%         2d5       67%         1
 Magic Dart               Conj           0%         1d3       67%         1
 Necrotise                Necr           0%         1d4       67%         1
 Sandblast                Erth           0%         2d4       67%         1
 Shock                    Conj/Air       0%         1d3       67%         1
 Slow                     Hex            0%         N/A       67%         1
 Sting                    Tmut/Pois      0%         1d3       67%         1
 Hailstorm                Conj/Ice       10%        3d5       67%         3
 Blink                    Tloc           0%         N/A       80%         2
 Cigotuvi's Dreadful Rot  Necr/Pois/Air  0%         N/A       80%         2
 Momentum Strike          Conj/Tloc      0%         3d8       80%         2
 Passwall                 Tmut/Erth      0%         N/A       80%         2
 Poisonous Vapours        Pois/Air       0%         N/A       80%         2
 Scorch                   Fire           0%         2d5       80%         2
 Searing Ray              Conj           0%         2d4       80%         2
 Static Discharge         Conj/Air       0%         2-2/arc   80%         2
 Sublimation of Blood     Necr           0%         N/A       80%         2
 Confusing Touch          Hex            0%         N/A       95%         3
 Dazzling Flash           Conj/Hex       0%         N/A       95%         3
 Gell's Gravitas          Tloc           0%         N/A       95%         3
 Ignite Poison            Fire/Tmut/Pois 0%         N/A       95%         3
 Kindle Blastsparks       Fire/Tloc/Air  0%         2d10      95%         3
 Lesser Beckoning         Tloc           0%         N/A       95%         3
 Mephitic Cloud           Conj/Pois/Air  0%         N/A       95%         3
 Portal Projectile        Hex/Tloc       0%         N/A       95%         3
 Stone Arrow              Conj/Erth      0%         3d7       95%         3
 Swiftness                Air            0%         N/A       95%         3
 Teleport Other           Tloc           0%         N/A       95%         3
 Vampiric Draining        Necr           0%         2d6       95%         3
 Vhi's Electric Charge    Tloc/Air       0%         N/A       95%         3
 Ice Form                 Ice/Tmut       10%        N/A       97%         4
 Airstrike                Air            0%         2d(0-16)  100%        4
 Anguish                  Hex/Necr       0%         N/A       100%        4
 Dispel Undead            Necr           0%         3d6       100%        4
 Flame Wave               Conj/Fire      0%         2d4       100%        4
 Fulminant Prism          Conj/Hex       0%         3d5       100%        4
 Iskenderun's Mystic Bla  Conj/Tloc      0%         2d3       100%        4
 Olgreb's Toxic Radiance  Pois           0%         N/A       100%        4
 Agony                    Necr           0%         N/A       100%        5
 Alistair's Intoxication  Tmut/Pois      0%         N/A       100%        5
 Arcjolt                  Conj/Air       0%         1d10      100%        5
 Blade Hands              Tmut           0%         N/A       100%        5
 Borgnjor's Vile Clutch   Necr/Erth      0%         N/A       100%        5
 Irradiate                Conj/Tmut      0%         3d11      100%        5
 Lee's Rapid Deconstruct  Erth           0%         3d4*      100%        5
 Lightning Bolt           Conj/Air       0%         1d11      100%        5
 Silence                  Hex/Air        0%         N/A       100%        5
 Conjure Ball Lightning   Conj/Air       0%         3x3d6     100%        6
 Dispersal                Tloc           0%         N/A       100%        6
 Eringya's Noxious Bog    Tmut/Pois      0%         N/A       100%        6
 Iron Shot                Conj/Erth      0%         9d1       100%        6
 Starburst                Conj/Fire      0%         6d3       100%        6
 Enfeeble                 Hex            0%         N/A       100%        7
 Orb of Destruction       Conj           0%         9d5       100%        7
 Ozocubu's Refrigeration  Ice            9%         4d9       100%        7
 Storm Form               Tmut/Air       0%         N/A       100%        7
 Borgnjor's Revivificati  Necr           0%         N/A       100%        8
 Discord                  Hex            0%         N/A       100%        8
 Disjunction              Tloc           0%         N/A       100%        8
 Ignition                 Fire           0%         3d3       100%        8
 Maxwell's Capacitive Co  Air            0%         ∞         100%        8
 Necromutation            Tmut/Necr      0%         N/A       100%        8
 Death's Door             Necr           0%         N/A       100%        9
 Summon Guardian Golem    Hex/Summ       Unusable   N/A       N/A         3
 Tukima's Dance           Hex            Unusable   N/A       N/A         3
 Summon Ice Beast         Ice/Summ       Unusable   N/A       N/A         4
 Animate Armour           Summ/Erth      Unusable   N/A       N/A         4
 Animate Dead             Necr           Unusable   N/A       N/A         4
 Summon Lightning Spire   Summ/Air       Unusable   N/A       N/A         4
 Death Channel            Necr           Unusable   N/A       N/A         6
 Simulacrum               Ice/Necr       Unusable   N/A       N/A         6
 Summon Cactus Giant      Summ           Unusable   N/A       N/A         6
 Malign Gateway           Summ/Tloc      Unusable   N/A       N/A         7
 Spellforged Servitor     Conj/Summ      Unusable   N/A       N/A         7
 Summon Hydra             Summ           Unusable   N/A       N/A         7

Dungeon Overview and Level Annotations

Branches:
Dungeon (15/15)            Temple (0/1) D:6            Lair (5/5) D:8
  Swamp (4/4) Lair:2       Spider (4/4) Lair:2        Slime (0/5) Lair:5
    Orc (2/2) D:11            Elf (3/3) Orc:2        Vaults (5/5) D:14
 Depths (4/4) D:15            Zot (0/5) Depths:4      IceCv (visited)
 WizLab (visited)         Gauntlet (visited)
  Crypt: Vaults:2-3

Altars:
Okawaru
Qazlal
Ru
Sif Muna
Vehumet
Xom
Jiyva

Shops:
D:5 *   D:6 ?   D:9 ?   Orc:1 *   Orc:2 ([!=[(   Vaults:2 ?   Depths:1 **

Portals:
Hell: Depths:1 Depths:2 Depths:3 Depths:4
Abyss: Depths:3
Pandemonium: Depths:2 Depths:4
Ziggurat: Depths:4

Annotations:
D:2 exclusion: downstairs
D:3 Sigmund
D:13 3 runed translucent doors, pyrow613's ghost, journeyman DgFi
Spider:3 exclusion: downstairs
Vaults:4 2 runed translucent doors, 2 transporters, Joetwoph's ghost, veteran OgTm; Tang's ghost, master DsGl


Innate Abilities, Weirdness & Mutations

You are completely covered in large bone plates. (SH +8)
((A demonic guardian rushes to your aid.))
You regenerate a lot of health from kills.
Your presence sometimes corrodes or deforms those you injure.
Your touch may irresistibly damage your foes and sap their willpower.


Message History

Deactivating autopickup; reactivate with Ctrl-A.
You slash something!
Your +9 spectral lajatang closely misses something.
Something touches you but does no damage.
The war gargoyle launches metal splinters at you.
The spray of metal splinters hits you!!!
You barely miss something.
Your +9 spectral lajatang barely misses something.
Something completely misses you.
You hit the war gargoyle but do no damage.
Your +9 spectral lajatang hits the war gargoyle!
Something misses you.
The war gargoyle launches metal splinters at you.
The spray of metal splinters hits you!
You slice something!!
Your +9 spectral lajatang hits something!
Something touches your +9 spectral lajatang!
Your spectral weapon shares its damage with you!
You block the war gargoyle's attack.
You miss something.
Your +9 spectral lajatang hits something!!
Something touches you but does no damage.
The war gargoyle hits you with a +1 flail of holy wrath!
You convulse!
You hit something but do no damage.
Your +9 spectral lajatang completely misses something.
Something touches you but does no damage.
The war gargoyle hits you with a +1 flail of holy wrath!!
* * * LOW HITPOINT WARNING * * *
You convulse!!
* * * LOW HITPOINT WARNING * * *
The fire giant misses your +9 spectral lajatang.
Something touches you.
* * * LOW HITPOINT WARNING * * *
You partially resist.
You feel drained.
You feel much better. You block the war gargoyle's attack.
You hear some strange, mumbled words.
A bolt of acid appears from out of thin air!
The bolt of acid hits you!!!
You die...

##....'.[..#....#...##.(†.##...##
###'####..#....#}).##)...# ...##
.###.# ##.#....#..##.)[.##.....#
.....#####(#....#####)...##.....
.......##.......#................
..................)...).[........
#########......)).###############
....$.....))..)).......
.........))<<§@........
.......)))<)§{9........
.........|.C<..........
########)))))...#######
.)...)...... #.#.#....#....
..#..#....##..# #.#.#.#....# .##
..#...##....#


You could see a fire giant and a war gargoyle.

Vanquished Creatures
  3 dread liches (Vaults:5)
  2 juggernauts (Depths:2)
  Bai Suzhen (Vaults:5)
  Frederick (Vaults:4)
  Saint Roka (Vaults:4)
  3 golden dragons (Vaults:5)
  A bone dragon (Depths:4)
  Arachne (Spider:2)
  3 tentacled monstrosities
  2 liches (Vaults:5)
  The ghost of Foimof the Imperceptible, an adept FeVM of Ru (Depths:1)
  Asterion (Elf:2)
  An Ice Fiend (IceCv)
  4 deep elf blademasters
  4 titans
  2 deep elf master archers (Elf:3)
  A quicksilver dragon (Depths:2)
  An acid blob (WizLab)
  A thorn hunter (Swamp:4)
  10 sphinxes
  10 tengu reavers
  Kirke (D:14)
  Agnes (Spider:1)
  7 storm dragons
  Donald (Elf:3)
  2 nagarajas (WizLab)
  2 shadow dragons (Vaults:5)
  9 frost giants
  A draconian monk (Depths:4)
  Louise (Depths:3)
  8 fire giants
  5 emperor scorpions
  10 deep elf sorcerers
  7 ghost moths
  17 vault wardens
  3 deep elf elementalists (Elf:3)
  A cacodemon (WizLab)
  A balrug (Depths:3)
  4 orc warlords
  4 demonspawn corrupters (WizLab)
  A war gargoyle (Vaults:2)
  26 very ugly things
  12 ironbound preservers
  10 stone giants
  8 broodmothers
  3 green draconians (Depths:4)
  5 eleionomae
  6 deep elf demonologists
  9 ironbound thunderhulks
  7 bunyips
  2 black draconians (Depths:4)
  12 dire elephants
  A red draconian (Depths:4)
  9 spark wasps
  Azrael (D:15)
  A minotaur (Gauntlet)
  2 yellow draconians (Depths:4)
  8 deep elf annihilators (Elf:3)
  14 ettins
  4 crystal guardians
  10 deep elf death magi
  3 merfolk javelineers
  7 yaktaur captains
  3 jiangshi (D:15)
  Josephine (Spider:1)
  2 shambling mangroves
  5 fire dragons
  11 deep elf high priests
  6 ice dragons
  Fannar (D:10)
  5 great orbs of eyes
  37 vault guards
  11 entropy weavers
  16 hydras
  5 spriggan air magi
  2 jorogumos (Spider:4)
  A quicksilver dragon skeleton (Vaults:4)
  A caustic shrike simulacrum (IceCv)
  2 ogre magi
  3 peacekeepers
  4 radroaches
  A rakshasa (D:12)
  11 two-headed ogres
  8 ironbound frosthearts
  A merfolk aquamancer (WizLab)
  An anaconda (Swamp:4)
  12 centaur warriors
  19 dancing weapons
  9 boulder beetles
  5 deep troll earth magi
  5 tengu warriors
  4 deep troll shamans
  2 vampire magi (Depths:1)
  6 alligators
  6 spriggan berserkers
  4 hell knights (Depths:2)
  16 deep elf knights
  5 orc high priests (Orc:2)
  A shock serpent (shapeshifter) (Elf:2)
  Nergalle (D:12)
  2 sun demons (Depths:4)
  6 pharaoh ants
  3 iron trolls (Depths:1)
  A fire crab (Gauntlet)
  A shadow wraith (Vaults:5)
  8 steelbarb worms
  A death drake (Swamp:2)
  4 goliath frogs
  16 orb spiders
  3 glowing orange brains
  47 deep trolls
  9 spriggan simulacra (IceCv)
  7 spriggan druids
  3 flayed ghosts
  8 bog bodies
  23 orc knights
  16 wizards
  12 swamp dragons
  3 phantasmal warriors
  An obsidian statue (IceCv)
  22 deep elf archers
  20 ironbound convokers
  Pikel (D:4)
  A tengu zombie (Vaults:4)
  28 deep elf pyromancers
  32 deep elf zephyrmancers
  23 wolf spiders
  3 lindwurms (Vaults:1)
  9 necromancers
  2 orc sorcerers
  3 will-o-the-wisps
  37 ugly things
  A moth of wrath (shapeshifter) (D:12)
  4 manticores
  3 moths of wrath
  9 cyclopes
  5 worldbinders
  12 black mambas
  A guardian serpent (Lair:5)
  14 elephants
  A guardian serpent (shapeshifter) (D:14)
  Joseph (D:7)
  20 vault sentinels
  12 torpor snails
  14 cane toads
  3 gargoyles
  2 smoke demons (Depths:3)
  An unseen horror (D:10)
  14 komodo dragons
  7 freezing wraiths
  29 yaktaurs
  A komodo dragon (shapeshifter) (D:15)
  A tormentor (Depths:4)
  8 demonic crawlers
  A kobold demonologist (Orc:1)
  5 ice devils (IceCv)
  2 tengu conjurers
  2 rime drakes
  A human skeleton (Vaults:4)
  7 trolls
  Grinder (D:4)
  22 hornets
  8 tyrant leeches
  39 tarantellas
  A tarantella (shapeshifter) (D:14)
  3 polar bears
  29 slime creatures
  7 dream sheep
  14 blink frogs
  A snapping turtle (shapeshifter) (Vaults:1)
  A jumping spider (shapeshifter) (D:13)
  17 spriggans
  45 jumping spiders
  8 wyverns
  A shadow (D:11)
  25 culicivoras
  A wyvern (shapeshifter) (Depths:2)
  An elf skeleton (Vaults:3)
  2 dire elephant simulacra (IceCv)
  51 yaks
  15 water elementals
  11 wraiths
  4 air elementals
  6 basilisks
  4 fire bats (Gauntlet)
  9 fire elementals
  4 humans (D:15)
  10 vampire mosquitoes
  3 steam dragons
  74 redbacks
  6 minotaur simulacra (IceCv)
  2 chaos spawn (Depths:4)
  2 wargs
  5 harpy simulacra (IceCv)
  15 swamp worms
  32 water moccasins
  A glowing shapeshifter zombie (Vaults:3)
  Duvessa (D:7)
  9 acid dragons
  4 hell hounds
  A floating eye (Depths:2)
  A floating eye (shapeshifter) (Elf:1)
  2 large abominations (Gauntlet)
  39 orc warriors
  10 swamp drakes
  2 ice beasts
  5 alligator simulacra (IceCv)
  An ettin simulacrum (Vaults:4)
  A human zombie (Vaults:4)
  2 sky beasts (D:7)
  2 black bears
  5 ogres
  2 boggarts (Gauntlet)
  9 centaurs
  25 kobold brigands
  2 lemures (D:3)
  10 bullfrogs
  An ogre simulacrum (Vaults:3)
  2 earth elementals
  3 necrophages
  3 gnoll sergeants
  7 deep troll simulacra (IceCv)
  5 small abominations (Gauntlet)
  3 scorpions
  19 wights
  Dowan (D:7)
  17 killer bees
  3 electric eels
  3 lindwurm simulacra (IceCv)
  A vampire bat (Lair:1)
  6 howler monkeys
  A lava snake (D:14)
  31 orc priests
  7 hounds
  Ijyb (D:3)
  3 jellies
  4 iguanas
  15 orc wizards
  Robin (D:4)
  8 gnolls
  11 adders
  A shadow imp (D:7)
  2 white imps
  4 ufetubi
  3 worms
  3 dart slugs
  86 orcs
  6 ball pythons
  5 endoplasms
  3 giant cockroaches
  12 goblins
  7 hobgoblins
  2 jackals (D:3)
  2 quokkas (D:2)
  12 bats
  4 frilled lizards
  50 kobolds
  32 rats
  2 briar patches (Swamp:4)
2074 creatures vanquished.

Vanquished Creatures (others)
  A hydra (Swamp:4)
  A deep elf zephyrmancer (Elf:1)
  A freezing wraith (D:14)
  2 bloated husks
  A floating eye (Depths:2)
  An orc wizard (D:13)
  2 orcs (Orc:2)
  2 briar patches (Swamp:4)
  A bush (D:6)
  4 demonic plants (Gauntlet)
  12 foxfires
  42 fungi
  82 plants
152 creatures vanquished.

Grand Total: 2226 creatures vanquished

Notes
Turn   | Place    | Note
-------+----------+-------------------------------------------
     0 | D:1      | ragingrage the Demonspawn Wanderer began the quest for the
                  | Orb.
     0 | D:1      | ragingrage set off with the following items: a +1
                  | quarterstaff, a scroll of butterflies, a +0 robe; and the
                  | following spell memorised: Freeze; and the following spells
                  | available to memorise: Hailstorm, Summon Ice Beast.
     0 | D:1      | Reached XP level 1. HP: 18/18 MP: 2/2
   562 | D:1      | Gained mutation: You are partially covered in large bone
                  | plates. (SH +4) [demonic ancestry]
   562 | D:1      | Reached XP level 2. HP: 23/24 MP: 1/3
  1069 | D:2      | Reached XP level 3. HP: 29/29 MP: 1/4
  1222 | D:2      | Reached skill level 5 in Ice Magic
  1256 | D:2      | Found a faded altar of an unknown god.
  1405 | D:2      | Gained mutation: You are mostly covered in large bone
                  | plates. (SH +6) [demonic ancestry]
  1405 | D:2      | Reached XP level 4. HP: 29/35 MP: 2/5
  1480 | D:2      | Found an iron altar of Okawaru.
  1489 | D:2      | Became a worshipper of Warmaster Okawaru
  1649 | D:3      | Noticed a black bear
  1817 | D:3      | Noticed Ijyb
  1830 | D:3      | Killed Ijyb
  2157 | D:3      | Gained mutation: You regenerate a little health from kills.
                  | [demonic ancestry]
  2157 | D:3      | Reached XP level 5. HP: 28/41 MP: 6/6
  2332 | D:3      | Killed a black bear
  2401 | D:3      | Noticed Sigmund
  2554 | D:3      | Gained mutation: You regenerate health from kills. [demonic
                  | ancestry]
  2554 | D:3      | Reached XP level 6. HP: 47/47 MP: 7/7
  2761 | D:4      | Found a radiant altar of Vehumet.
  2762 | D:4      | Noticed Pikel
  3366 | D:4      | Noticed Robin
  3393 | D:4      | Killed Robin
  3409 | D:3      | Reached skill level 5 in Staves
  3480 | D:4      | Killed Pikel
  3480 | D:4      | Reached * piety under Okawaru
  3481 | D:4      | Reached XP level 7. HP: 32/52 MP: 8/8
  3598 | D:4      | Reached ** piety under Okawaru
  3634 | D:4      | Noticed Grinder
  3641 | D:4      | Paralysed by Grinder for 4 turns
  3652 | D:4      | Paralysed by Grinder for 5 turns
  3664 | D:4      | Killed Grinder
  3665 | D:4      | Gained mutation: Your touch may inflict minor irresistible
                  | damage on your foes. [demonic ancestry]
  3665 | D:4      | Reached XP level 8. HP: 28/58 MP: 9/9
  4190 | D:5      | Entered Level 5 of the Dungeon
  4614 | D:5      | Found Azidd's Assorted Antiques.
  4694 | D:5      | Identified the +5 spear "Peleoke" {venom, Str+7}
  4975 | D:5      | Reached skill level 1 in Polearms
  5074 | D:6      | Found a staircase to the Ecumenical Temple.
  5081 | D:6      | Reached *** piety under Okawaru
  5121 | D:6      | Reached skill level 1 in Invocations
  5172 | D:6      | Found Qate's Magic Scroll Shop.
  5177 | D:6      | Bought a scroll of teleportation for 42 gold pieces
  5545 | D:6      | Gained mutation: A weak demonic guardian rushes to your
                  | aid. [demonic ancestry]
  5545 | D:6      | Reached XP level 9. HP: 62/63 MP: 11/11
  5941 | D:7      | Reached skill level 5 in Invocations
  6024 | D:7      | Reached skill level 5 in Polearms
  6145 | D:7      | Reached **** piety under Okawaru
  6200 | D:7      | Noticed Duvessa
  6205 | D:7      | Noticed Dowan
  6218 | D:7      | Killed Duvessa
  6264 | D:7      | Killed Dowan
  6299 | D:7      | Noticed Joseph
  6375 | D:7      | Killed Joseph
  6523 | D:7      | Reached ***** piety under Okawaru
  6524 | D:7      | Gained mutation: You regenerate a lot of health from kills.
                  | [demonic ancestry]
  6524 | D:7      | Reached XP level 10. HP: 70/70 MP: 13/13
  6756 | D:7      | Found a shimmering altar of Xom.
  7256 | D:8      | Received a gift from Okawaru
  7338 | D:8      | Found a staircase to the Lair.
  7632 | D:9      | Found a shimmering blue altar of Sif Muna.
  7713 | D:9      | Found Divu's Magic Scroll Boutique.
  7716 | D:9      | Bought a scroll of magic mapping for 105 gold pieces
  7716 | D:9      | Bought a scroll of poison for 56 gold pieces
  7755 | D:9      | Noticed a gargoyle
  8286 | Lair:1   | Entered Level 1 of the Lair of Beasts
  8315 | Lair:1   | Reached skill level 10 in Polearms
  8407 | Lair:1   | Noticed a black mamba
  8415 | Lair:1   | Killed a black mamba
  8416 | Lair:1   | Gained mutation: You are completely covered in large bone
                  | plates. (SH +8) [demonic ancestry]
  8416 | Lair:1   | Reached XP level 11. HP: 68/75 MP: 17/17
  8470 | Lair:1   | Noticed a boulder beetle
  8494 | Lair:2   | Noticed an eight-headed hydra
  8620 | Lair:2   | Killed a boulder beetle
  8621 | Lair:2   | Reached skill level 1 in Armour
  8621 | Lair:2   | Reached skill level 1 in Dodging
  8677 | Lair:2   | Found a hole to the Spider Nest.
  8871 | Lair:1   | Reached skill level 4 in Fighting
  9542 | Lair:2   | Found a staircase to the Swamp.
  9556 | Lair:2   | Reached skill level 5 in Fighting
  9577 | Lair:2   | Killed an eight-headed hydra
  9666 | Lair:2   | Reached ****** piety under Okawaru
  9777 | Lair:2   | Reached skill level 6 in Fighting
  9783 | Lair:2   | Received a gift from Okawaru
 10031 | Lair:2   | Reached skill level 5 in Armour
 10031 | Lair:2   | Reached skill level 5 in Dodging
 10031 | Lair:2   | Reached XP level 12. HP: 89/89 MP: 18/18
 10473 | Lair:3   | Reached skill level 7 in Fighting
 10473 | Lair:3   | Reached skill level 1 in Evocations
 11466 | Lair:4   | Noticed an eight-headed hydra
 11473 | Lair:4   | Killed an eight-headed hydra
 11474 | Lair:4   | Reached skill level 8 in Fighting
 11771 | Lair:4   | Identified the +2 hat "Ajinluc" {Regen+ Dex-4 Stlth+}
                  | (Okawaru gifted it to you on level 4 of the Lair of Beasts)
 11771 | Lair:4   | Received a gift from Okawaru
 12032 | Lair:5   | Entered Level 5 of the Lair of Beasts
 12105 | Lair:5   | Reached skill level 5 in Evocations
 12195 | Lair:5   | Reached skill level 9 in Fighting
 12258 | Lair:5   | Reached XP level 13. HP: 69/101 MP: 17/19
 12629 | Lair:5   | Identified the +8 longbow "Ripeko" {elec, Will++} (Okawaru
                  | gifted it to you on level 5 of the Lair of Beasts)
 12629 | Lair:5   | Received a gift from Okawaru
 12655 | Lair:5   | Reached skill level 10 in Fighting
 12851 | Lair:5   | Received a gift from Okawaru
 13168 | Lair:5   | Found a staircase to the Slime Pits.
 13168 | Lair:5   | Found a viscous altar of Jiyva.
 13817 | Lair:5   | Identified the amulet of Doachom {rPois rF+ Regen+ Str+2}
 14387 | D:10     | Entered Level 10 of the Dungeon
 14899 | D:10     | Received a gift from Okawaru
 14900 | D:10     | Reached skill level 1 in Shields
 14910 | D:10     | Reached XP level 14. HP: 43/111 MP: 15/21
 14917 | D:10     | Reached skill level 10 in Invocations
 15289 | D:10     | Noticed Fannar
 15309 | D:10     | Killed Fannar
 15923 | D:11     | Identified the +6 scale mail "Huiqy" {Str+2 Dex+3} (Okawaru
                  | gifted it to you on level 11 of the Dungeon)
 15923 | D:11     | Received a gift from Okawaru
 15982 | D:11     | Reached skill level 10 in Evocations
 16355 | D:11     | Found a staircase to the Orcish Mines.
 16710 | D:12     | Reached skill level 11 in Fighting
 17202 | D:12     | Noticed Nergalle
 17214 | D:12     | Killed Nergalle
 17444 | D:13     | Found a runed translucent gate.
 17444 | D:13     | Found a runed translucent gate.
 17447 | D:13     | Found a runed translucent gate.
 17450 | D:13     | Noticed pyrow613's ghost (journeyman DgFi)
 17589 | D:13     | Reached skill level 1 in Throwing
 18368 | D:14     | Found a gate leading to a gauntlet.
 18384 | Gauntlet | Entered a Gauntlet
 18384 | Gauntlet | Found a transporter.
 18388 | Gauntlet | Found a transporter.
 18390 | Gauntlet | Found a transporter.
 18401 | Gauntlet | Found a transporter.
 18404 | Gauntlet | Found a transporter.
 18408 | Gauntlet | Found a runed translucent door.
 18410 | Gauntlet | Found a runed translucent door.
 18412 | Gauntlet | Found a transporter.
 18428 | Gauntlet | Found a transporter.
 18458 | Gauntlet | Found a transporter.
 18468 | Gauntlet | Found a transporter.
 18482 | Gauntlet | Found a transporter.
 18492 | Gauntlet | Found a transporter.
 18494 | Gauntlet | Found a transporter.
 18525 | Gauntlet | Reached skill level 10 in Staves
 18571 | Gauntlet | Found a transporter.
 18639 | Gauntlet | Identified the +2 helmet of Pomp {Fly rCorr Dex-3}
 18900 | D:14     | Reached XP level 15. HP: 118/119 MP: 23/23
 19000 | D:14     | Identified the +4 halberd "Sovu Req" {vorpal, *Rage rPois
                  | rC++ Will+} (Okawaru gifted it to you on level 14 of the
                  | Dungeon)
 19000 | D:14     | Received a gift from Okawaru
 19037 | D:14     | Found a gate to the Vaults.
 19383 | D:15     | Entered Level 15 of the Dungeon
 19530 | Orc:1    | Entered Level 1 of the Orcish Mines
 19710 | Orc:1    | Found Xaihomm's General Store.
 19717 | Orc:1    | Bought a +2 cloak of stealth for 301 gold pieces
 19717 | Orc:1    | Bought 2 potions of haste for 280 gold pieces
 19827 | Orc:2    | Entered Level 2 of the Orcish Mines
 19831 | Orc:2    | Found Ucireu's Armour Emporium.
 19847 | Orc:2    | Found a staircase to the Elven Halls.
 19850 | Orc:2    | Found Myam Lapt's Weapon Shoppe.
 19907 | Orc:2    | Found a flickering gateway to a bazaar.
 20081 | Bazaar   | Entered a bazaar
 20085 | Bazaar   | Found Hugemin's Weapon Boutique.
 20107 | Bazaar   | Found Ogeptiog's Antique Weapon Emporium.
 20128 | Bazaar   | Found Wuisoad's Weapon Boutique.
 20148 | Bazaar   | Found Fokh's Armour Shoppe.
 20154 | Bazaar   | Bought a +2 cloak of poison resistance for 166 gold pieces
 20176 | Bazaar   | Bought the +4 troll leather armour "Syrroab" {rPois rC+
                  | Will+ Regen+} for 529 gold pieces
 20611 | Orc:2    | Identified the +1 kite shield of the Tick {Rampage Str+4
                  | Slay+4} (Okawaru gifted it to you on level 2 of the Orcish
                  | Mines)
 20611 | Orc:2    | Received a gift from Okawaru
 20664 | Orc:2    | Found Ahaommi's Distillery.
 20664 | Orc:2    | Found Isar's Antique Weapon Boutique.
 20665 | Orc:2    | Found Futweig's Jewellery Boutique.
 20665 | Orc:2    | Found Viulowof's Antique Armour Shop.
 20672 | Orc:2    | Bought a potion of berserk rage for 65 gold pieces
 20672 | Orc:2    | Bought a potion of curing for 39 gold pieces
 20675 | Orc:2    | Bought a pair of embroidered boots for 172 gold pieces
 20686 | Orc:2    | Bought a dazzling scale mail for 207 gold pieces
 20686 | Orc:2    | Identified the +6 scale mail "Ajoitt" {rF+++ Regen+ rCorr
                  | Dex+3} (You bought it in a shop on level 2 of the Orcish
                  | Mines)
 20857 | Spider:1 | Entered Level 1 of the Spider Nest
 20863 | Spider:1 | Noticed Agnes
 20865 | Spider:1 | Noticed Josephine
 20869 | Spider:1 | Killed Agnes
 21081 | Spider:1 | Killed Josephine
 21643 | Spider:2 | Reached skill level 10 in Armour
 21908 | Spider:2 | Gained mutation: A demonic guardian rushes to your aid.
                  | [demonic ancestry]
 21908 | Spider:2 | Reached XP level 16. HP: 92/127 MP: 25/25
 21974 | Spider:2 | Noticed Arachne
 21983 | Spider:2 | Killed Arachne
 22077 | Spider:2 | Received a gift from Okawaru
 22167 | Spider:2 | Found a frozen archway.
 22198 | IceCv    | Entered an ice cave
 22229 | IceCv    | Reached skill level 12 in Fighting
 22502 | IceCv    | Noticed an Ice Fiend
 22529 | IceCv    | Killed an Ice Fiend
 22573 | IceCv    | Identified the +2 glaive of Ignis's Displeasure {holy, rC-
                  | rN++ rCorr Int+3}
 22731 | IceCv    | Received a gift from Okawaru
 22731 | IceCv    | Found the +2 hat of the Bear Spirit {Spirit, *Rage Will++}
 23691 | Spider:3 | Reached skill level 5 in Shields
 24008 | Spider:3 | Reached skill level 5 in Throwing
 24910 | Spider:4 | Entered Level 4 of the Spider Nest
 24982 | Spider:4 | Received a gift from Okawaru
 24990 | Spider:4 | Reached XP level 17. HP: 135/135 MP: 26/26
 25597 | Spider:4 | Received a gift from Okawaru
 25878 | Spider:4 | Received a gift from Okawaru
 25880 | Spider:4 | Reached skill level 13 in Fighting
 26279 | Spider:4 | Received a gift from Okawaru
 26429 | Spider:4 | Got a gossamer rune of Zot
 27428 | Swamp:1  | Entered Level 1 of the Swamp
 27855 | Swamp:1  | Reached skill level 10 in Dodging
 28046 | Swamp:2  | Reached XP level 18. HP: 144/144 MP: 27/27
 28123 | Swamp:2  | Identified the ring "Ariad" {Drain rPois rF++ rC+++ Str+2}
 29121 | Swamp:3  | Identified the +9 plate armour "Aqeapt" {Drain Int+7}
                  | (Okawaru gifted it to you on level 3 of the Swamp)
 29121 | Swamp:3  | Received a gift from Okawaru
 29318 | Swamp:3  | Reached skill level 14 in Fighting
 29488 | Swamp:4  | Entered Level 4 of the Swamp
 29561 | Swamp:4  | Identified the +1 robe "Caha" {+Blink}
 29641 | Swamp:4  | Noticed a tentacled monstrosity
 29652 | Swamp:4  | Killed a tentacled monstrosity
 30138 | Swamp:4  | Reached skill level 15 in Staves
 30156 | Swamp:4  | Got a decaying rune of Zot
 30548 | D:15     | Noticed Kirke
 30884 | D:14     | Killed Kirke
 30975 | D:15     | Noticed Azrael
 30989 | D:15     | Killed Azrael
 30989 | D:15     | Received a gift from Okawaru
 30989 | D:15     | Found the +1 cloak of Starlight {*Dazzle EV+4 Stlth--}
 31329 | D:15     | Found a staircase to the Depths.
 31721 | Vaults:1 | Entered Level 1 of the Vaults
 31847 | Vaults:1 | Reached skill level 15 in Fighting
 31919 | Vaults:1 | Gained mutation: Your presence sometimes corrodes those you
                  | injure. [demonic ancestry]
 31919 | Vaults:1 | Reached XP level 19. HP: 155/155 MP: 23/28
 31993 | Vaults:1 | Found a magical portal.
 32000 | WizLab   | Entered Alistair's Party Mansion
 32356 | WizLab   | Gained mutation: Your touch may inflict irresistible damage
                  | on your foes. [demonic ancestry]
 32356 | WizLab   | Reached XP level 20. HP: 111/163 MP: 3/29
 32395 | WizLab   | Received a gift from Okawaru
 32541 | WizLab   | Identified a scroll of acquirement
 32550 | WizLab   | Got the Tome of the Mutagenic Gift
 32742 | Vaults:1 | Gained mutation: Your touch may irresistibly damage your
                  | foes and sap their willpower. [demonic ancestry]
 32742 | Vaults:1 | Reached XP level 21. HP: 170/170 MP: 30/30
 32744 | Vaults:1 | Acquired the +11 crystal plate armour of Womnuodi {Int+3}
 32902 | Vaults:1 | Received a gift from Okawaru
 33046 | Vaults:1 | Reached skill level 16 in Fighting
 33166 | Vaults:1 | Identified the +2 robe "Tuuvuir" {*Slow rN+++ Will+ SInv}
                  | (Okawaru gifted it to you on level 1 of the Vaults)
 33166 | Vaults:1 | Received a gift from Okawaru
 33520 | Vaults:1 | Acquired 924 gold pieces
 34978 | Vaults:2 | Found Liolos's Magic Scroll Shoppe.
 35024 | Vaults:2 | Bought a scroll of fear for 52 gold pieces
 35024 | Vaults:2 | Bought a scroll of blinking for 97 gold pieces
 35024 | Vaults:2 | Bought a scroll of teleportation for 39 gold pieces
 35024 | Vaults:2 | Bought a scroll of teleportation for 39 gold pieces
 35450 | Vaults:2 | Identified the +1 robe of Vuolilo {Int+6}
 35578 | Vaults:2 | Reached XP level 22. HP: 180/180 MP: 31/31
 35990 | Vaults:3 | Identified the +3 hat of Untold Secrets {+Blink rN+ Will+}
                  | (Okawaru gifted it to you on level 3 of the Vaults)
 35990 | Vaults:3 | Received a gift from Okawaru
 36348 | Vaults:3 | Reached skill level 15 in Armour
 37044 | Vaults:3 | Reached skill level 17 in Fighting
 37718 | Vaults:4 | Found a large runed translucent door.
 37718 | Vaults:4 | Found a large runed translucent door.
 37718 | Vaults:4 | Noticed Joetwoph's ghost (veteran OgTm)
 37718 | Vaults:4 | Noticed Tang's ghost (master DsGl)
 37797 | Vaults:4 | Noticed Frederick
 37810 | Vaults:4 | Killed Frederick
 37877 | Vaults:4 | Found a transporter.
 37915 | Vaults:4 | Found a transporter.
 38324 | Vaults:4 | Noticed Saint Roka
 38360 | Vaults:4 | Killed Saint Roka
 38487 | Vaults:4 | Received a gift from Okawaru
 38638 | Vaults:4 | Identified the +1 leather armour of Nihilism {rN+}
 39143 | Elf:1    | Entered Level 1 of the Elven Halls
 39148 | Elf:1    | Paralysed by an air elemental for 1 turns
 39154 | Elf:1    | Received a gift from Okawaru
 39232 | Elf:1    | Identified the +0 plate armour of Ziunyiph {-Tele rCorr
                  | Str+4} (Okawaru gifted it to you on level 1 of the Elven
                  | Halls)
 39232 | Elf:1    | Received a gift from Okawaru
 39422 | Elf:1    | Paralysed by an air elemental for 1 turns
 39827 | Elf:1    | Got Sif Muna's Catalogue of Amassed Concussion
 40095 | Elf:2    | Found a flickering gateway to a bazaar.
 40159 | Bazaar   | Entered a bazaar
 40188 | Bazaar   | Found Qahebut's Assorted Antiques.
 40193 | Bazaar   | Bought a scroll of teleportation for 66 gold pieces
 40193 | Bazaar   | Bought a potion of curing for 66 gold pieces
 40199 | Bazaar   | Found Yrchochutz's General Store.
 40245 | Bazaar   | Found Duoreiq's Assorted Antiques.
 40250 | Bazaar   | Bought a potion of heal wounds for 95 gold pieces
 40250 | Bazaar   | Bought a scroll of teleportation for 57 gold pieces
 40282 | Bazaar   | Found Badgheytz's Armour Shoppe.
 40316 | Bazaar   | Found Fuujot's Magic Scroll Emporium.
 40321 | Bazaar   | Bought a scroll of teleportation for 42 gold pieces
 40321 | Bazaar   | Bought a scroll of enchant armour for 105 gold pieces
 40321 | Bazaar   | Bought a scroll of teleportation for 42 gold pieces
 40321 | Bazaar   | Bought a scroll of enchant weapon for 105 gold pieces
 40321 | Bazaar   | Bought a scroll of poison for 56 gold pieces
 40435 | Elf:2    | Noticed Asterion
 40450 | Elf:2    | Killed Asterion
 40451 | Elf:2    | Gained mutation: Your presence sometimes corrodes or
                  | deforms those you injure. [demonic ancestry]
 40451 | Elf:2    | Reached XP level 23. HP: 190/190 MP: 32/32
 40487 | Elf:2    | Found a huge runed translucent gate.
 40488 | Elf:2    | Found a huge runed translucent gate.
 40489 | Elf:2    | Found a huge runed translucent gate.
 40490 | Elf:2    | Found a huge runed translucent gate.
 40490 | Elf:2    | Found a huge runed translucent gate.
 40533 | Elf:2    | Reached skill level 10 in Throwing
 40546 | Elf:1    | Paralysed by a floating eye for 2 turns
 41052 | Elf:3    | Entered Level 3 of the Elven Halls
 41146 | Elf:2    | Reached skill level 18 in Fighting
 42132 | Elf:3    | Paralysed by an air elemental for 1 turns
 42183 | Elf:3    | Received a gift from Okawaru
 42361 | Elf:3    | Identified the ring of Xoveas Iru {Ice Dex+6}
 42413 | Elf:3    | Identified the +5 chain mail of the Equator {rPois Will-
                  | Int+6 Slay+3} (Okawaru gifted it to you on level 3 of the
                  | Elven Halls)
 42413 | Elf:3    | Received a gift from Okawaru
 42430 | Elf:3    | Identified the +1 quarterstaff of the Transmuting Oracle
                  | {protect, Dex+4}
 42529 | Elf:3    | Identified the ring of Panentheism {rPois rC+ Str+3 Dex+4
                  | Slay-3}
 42529 | Elf:3    | Noticed Donald
 42536 | Elf:3    | Killed Donald
 42555 | Elf:3    | Identified the +4 falchion "Kobb" {vorpal, rF+}
 42737 | Elf:3    | Identified the +1 crystal plate armour of the Meadowlark
                  | {Will++ Slay+2}
 42739 | Elf:3    | Got the Grimoire of the Traveller and Bedrock
 43284 | Depths:1 | Entered Level 1 of the Depths
 43284 | Depths:1 | Found Efuyric's Gadget Gallery.
 43305 | Depths:1 | Bought a wand of acid (4) for 201 gold pieces
 43749 | Depths:1 | Received a gift from Okawaru
 43946 | Depths:1 | Found a gateway to Hell.
 43985 | Depths:1 | Found a stormy altar of Qazlal.
 44137 | Depths:1 | Identified the +6 plate armour "Gume" {rPois rC++ Str+2
                  | Stlth-} (Okawaru gifted it to you on level 1 of the Depths)
 44137 | Depths:1 | Received a gift from Okawaru
 44176 | Depths:1 | Reached XP level 24. HP: 155/200 MP: 24/32
 44267 | Depths:1 | Found a runed translucent door.
 44276 | Depths:1 | Found Memaimn's Assorted Antiques.
 44284 | Depths:1 | Bought a tubular diamond ring for 155 gold pieces
 44285 | Depths:1 | Bought a polished scale mail for 279 gold pieces
 44285 | Depths:1 | Identified the +0 scale mail of Wuechiso {Harm} (You bought
                  | it in a shop on level 1 of the Depths)
 44286 | Depths:1 | Bought a scroll of teleportation for 93 gold pieces
 44286 | Depths:1 | Bought a scroll of teleportation for 93 gold pieces
 44286 | Depths:1 | Bought a potion of heal wounds for 155 gold pieces
 44563 | Depths:1 | Noticed Foimof's ghost (adept FeVM)
 44572 | Depths:1 | Killed Foimof's ghost
 44613 | Depths:2 | Reached skill level 15 in Dodging
 45532 | Depths:2 | Paralysed by a floating eye for 2 turns
 45559 | Depths:2 | Reached skill level 19 in Fighting
 45596 | Depths:2 | Noticed a juggernaut
 45865 | Depths:2 | Killed a juggernaut
 46057 | Depths:2 | Noticed a juggernaut
 46066 | Depths:2 | Killed a juggernaut
 46669 | Depths:2 | Found a one-way gate leading to the halls of Pandemonium.
 46796 | Depths:3 | Got Sif Muna's Codex of Evolution and Assembling
 46973 | Depths:3 | Found a one-way gate to the infinite horrors of the Abyss.
 46973 | Depths:3 | Noticed Louise
 46982 | Depths:3 | Killed Louise
 47225 | Depths:3 | Found a sacrificial altar of Ru.
 47925 | Depths:3 | Received a gift from Okawaru
 48189 | Depths:4 | Entered Level 4 of the Depths
 48885 | Depths:4 | Found a gate to the Realm of Zot.
 49231 | Depths:4 | Found a one-way gateway to a ziggurat.
 50115 | Vaults:5 | Entered Level 5 of the Vaults
 50122 | Vaults:5 | Identified the +4 ring mail of Omission {Regen+} (Okawaru
                  | gifted it to you on level 5 of the Vaults)
 50122 | Vaults:5 | Received a gift from Okawaru
 50215 | Vaults:5 | Reached XP level 25. HP: 194/209 MP: 32/32
 50215 | Vaults:5 | Noticed a dread lich
 50225 | Vaults:5 | Killed a dread lich
 50402 | Vaults:5 | Noticed a dread lich
 50403 | Vaults:5 | Paralysed by a dread lich for 4 turns
 50415 | Vaults:5 | Killed a dread lich
 50438 | Vaults:5 | Noticed Bai Suzhen
 50449 | Vaults:5 | Noticed a dread lich
 50457 | Vaults:5 | Killed Bai Suzhen
 50464 | Vaults:5 | Killed a dread lich
 50544 | Vaults:5 | Got a silver rune of Zot
 50551 | Vaults:5 | Got Ytueh's Textbook on Cold and Dark Deeds
 50679 | Vaults:5 | Received a gift from Okawaru
 50733 | Vaults:5 | Received a gift from Okawaru
 50738 | Vaults:5 | Identified the +10 rapier of the Shifting Gods {vorpal,
                  | rC+}
 50756 | Vaults:5 | Identified the ring "Ceqe" {rN+ Str+5 Int+6}
 50818 | Vaults:5 | Reached skill level 20 in Fighting
 50829 | Vaults:5 | Identified the +1 buckler of Siybloitt {rN++ Int-5 SInv
                  | Stlth+}
 50893 | Vaults:5 | Learned a level 2 spell: Wereblood
 50897 | Vaults:5 | Noticed an ancient lich
 50910 | Vaults:5 | Killed from afar by an ancient lich

Illustrated notes

Levels and vault maps discovered:
D:1:      dpeg_arrival_ratfight, layout_loops_ring
D:2:      layout_basic, hellmonk_ecumenical_altar_lost_god, basic_altar,
          minmay_rat_hole
D:3:      minmay_chambers_of_threes, layout_basic, uniq_sigmund, uniq_ijyb
D:4:      layout_loops_ring, nicolae_overflow_crystal_walls,
          nicolae_figureground_sparkle, uniq_robin, uniq_pikel, uniq_grinder
D:5:      layout_loops_ring, mainiacjoe_overflow_catwalk, serial_shops,
          nicolae_take_the_stairs, minmay_fractal_squares_5
D:6:      layout_loops_ring, minmay_temple_entry_crystal_x, serial_shops, shop,
          kb_lookout_dungeons_type
D:7:      layout_rooms, old_standard_altar, minmay_joined_circles, uniq_joseph,
          uniq_crazy_yiuf_cottage, uniq_duvessa
D:8:      layout_loops_cross, lair_entry_dummy
D:9:      layout_small_grid, mainiacjoe_overflow_surrounded_room, serial_shops,
          nicolae_shop_behind_doors
D:10:     nzn_winding_woodlands_stair_cross [nzn_winding_woodlands_5x15_jagged,
          nzn_winding_woodlands_center_triple_pond,
          nzn_winding_woodlands_5x15_cabin, nzn_winding_woodlands_5x5_default,
          nzn_winding_woodlands_hourglass, nzn_winding_woodlands_5x15_pockets,
          nzn_winding_woodlands_center_garden,
          nzn_winding_woodlands_5x15_default], layout_irregular_city,
          uniq_fannar
D:11:     minmay_inner_zag, layout_basic
D:12:     minmay_the_grid_four_pointed_star
          [minmay_the_grid_triangle_9x9_corrupted_corridor,
          minmay_the_grid_triangle_9x9_impossible_snake,
          minmay_the_grid_triangle_9x9_limited_checkers,
          minmay_the_grid_triangle_9x9_corruption,
          minmay_the_grid_prize_big_room], layout_basic, zin_statuary,
          uniq_nergalle
D:13:     layout_basic, gammafunk_ghost_split
D:14:     layout_roguey, grunt_vaults_entry_fortified, kennysheep_pointless_box,
          serial_glass, glass_columns_c, glass_columns_c, gauntlet_entry_generic
D:15:     gammafunk_enter_depths_forms, layout_rooms, uniq_azrael, uniq_kirke
Lair:1:   layout_regular_city, wad_woods_road_02, nicolae_quartered_pool_little,
          roderic_batcave, grunt_megastairs_2
Lair:2:   layout_regular_city, swamp_mist_pool, dummy_spider_entry
Lair:3:   layout_cave_shapes
Lair:4:   layout_regular_city, minmay_holes, wad_woods_03
Lair:5:   hangedman_lair_tendril_chambers, layout_loops_ring, slime_entry_1
Swamp:1:  layout_basic_swamp, nicolae_swamp_ascending_descending_big,
          nicolae_swamp_spriggan_camp
Swamp:2:  layout_basic_swamp, nicolae_swamp_tree_designs
Swamp:3:  layout_falls_marsh, evilmike_swamp_ruin_house_3,
          infiniplex_staircase_pool_2
Swamp:4:  swamp, layout_basic_swamp, swamp_pool1, nicolae_swamp_snake_nest
Spider:1: layout_spider_delve, hangedman_spider_tarantella_strand, uniq_agnes,
          uniq_josephine
Spider:2: layout_spider_delve, portal_ice_cave_entry_pillars_2, uniq_arachne
Spider:3: nicolae_spider_hilbert_zone_6 [nicolae_spider_hilbert_4_sides_1_open,
          nicolae_spider_hilbert_4_sides_1_open,
          nicolae_spider_hilbert_4_sides_1_open,
          nicolae_spider_hilbert_4_sides_1_open,
          nicolae_spider_hilbert_4_sides_1_open,
          nicolae_spider_hilbert_4_sides_1_open,
          nicolae_spider_hilbert_4_sides_1_open], drop_trap,
          nicolae_spider_cling_halls
Spider:4: hellmonk_spider_rune_endless_swarm, dreamdust_wasp_nest
Orc:1:    layout_caves, special_room [special_room_kobold], serial_shops, shop,
          mines2_david
Orc:2:    st_orc_pillars, layout_diamond_mine, serial_shops, bzr_firewalk, shop,
          nicolae_shop_behind_doors
Elf:1:    eino_elf_arrival_the_gate, layout_geoelf_grid, minmay_elf_sorcery,
          corexii_leaking_fountain
Elf:2:    elven_hall_of_blades_hangedman_alternative
          [nicolae_blade_entry_diamond_columns], layout_geoelf_octagon,
          serial_shops, bzr_entry_gold, feat_on_display, uniq_asterion
Elf:3:    minmay_elf_hall_quartered_circle, layout_gridlike, item_on_display_b,
          uniq_donald
Vaults:1: mu_enter_wizlab_6, dpeg_vaults_monster_box,
          nicolae_vaults_little_squares_6, nicolae_vaults_network_periphery,
          hangedman_vaults_impose, vaults_dpeg_diagonal, st_lines, serial_ice_b,
          layout_vaults_omnigrid
Vaults:2: nicolae_vaults_shelves_hall, minmay_crypt_entry_simple_round,
          v_misc_25, nicolae_vaults_angled_halls, vaults_dpeg_encased_lava,
          vaults_standard_mumra_enter_the_diamond, vaults_room_hallway,
          v_pattern_5, ontoclasm_vaults_eye, hangedman_vaults_corner_blocks,
          vaults_dpeg_cross, layout_vaults_omnicross, serial_shops, shop
Vaults:3: hangedman_vaults_nodes, v_misc_16, st_more_cells, v_misc_4,
          ontoclasm_vaults_twist, v_rooms_1, v_misc_17, v_rooms_6,
          nicolae_vaults_asterisk, nicolae_vaults_alarming,
          nicolae_vaults_sealed_display, v_misc_17, vaults_dpeg_hooks,
          ontoclasm_vaults_loading_screen, layout_vaults_ring
Vaults:4: advil_vaults_ghost_guards, gammafunk_its_a_trap,
          nicolae_vaults_shelves_hall, ontoclasm_vaults_tryst,
          ontoclasm_vaults_ring_square, v_misc_28, hangedman_vaults_restitches,
          vaults_room_ringed_pool, vaults_room_corners,
          hangedman_vaults_slither, nicolae_vaults_stairing_the_circle,
          hangedman_vaults_cutoff, ontoclasm_vaults_fault,
          layout_vaults_omnibox, uniq_frederick, uniq_saint_roka
Vaults:5: serial_shops, uniq_bai_suzhen
Depths:1: layout_forbidden_donut, nicolae_qazlal_style_of_elements, hell_entry,
          serial_shops, nicolae_shop_crystal, ebering_ghost_reflecting_pool,
          nicolae_shop_gadgets, serial_bayou_shore_b
Depths:2: minmay_crescents, layout_gridlike, serial_bayou_pond_e,
          grunt_pan_entry_in_and_out, hell_entry, grunt_ministairs_5,
          serial_bayou_shore_b, infiniplex_staircase_diamond
Depths:3: nicolae_cairo_tiling_large, layout_honeycomb, lightli_too_deep,
          chequers_big_river, nicolae_abyss_entry_one_way_or_another,
          nicolae_ru_awakened_eye, uniq_josephina
Depths:4: grunt_twist_and_shout, layout_gridlike, enter_ziggurat_b,
          kennysheep_flooded_box, pf_hell_entry_great_geh,
          rand_demon_pan_entry_4

Skill      XL: |  1  2  3  4  5  6  7  8  9 10 11 12 13 14 15 16 17 18 19 20 21 22 23 24 25 |
---------------+----------------------------------------------------------------------------+-----
Ice Magic      | 4 5 |  5.1
Staves         | 2 4 7 9 10 12 13 14 15 16 17 18 19 | 19.1
Polearms       | 3 8 10 | 10.5
Invocations    | 3 5 8 9 11 12 13 | 13.0
Armour         | 5 7 8 9 10 11 13 14 15 16 | 16.4
Dodging        | 5 7 8 10 11 12 13 14 15 16 | 16.2
Fighting       | 6 9 10 11 12 13 15 16 17 18 19 20 | 20.0
Evocations     | 5 9 10 11 12 13 14 | 14.2
Shields        | 1 3 5 6 |  6.9
Throwing       | 1 3 5 6 7 9 11 12 13 | 13.3
Stealth        | 4 |  4.3
Spellcasting   | |  1.0

Action                   |  1- 3 |  4- 6 |  7- 9 | 10-12 | 13-15 | 16-18 | 19-21 | 22-24 | 25-27 || total
-------------------------+-------+-------+-------+-------+-------+-------+-------+-------+-------++-------
Melee: Quarterstaff      |    36 |    63 |    97 |       |       |       |       |       |       ||   196
       Whip              |       |   101 |       |       |       |       |       |       |       ||   101
       Spear             |       |     9 |   179 |   772 |   731 |       |       |       |       ||  1691
       Punch             |       |     1 |     1 |    11 |    13 |     2 |       |       |       ||    28
       Touch             |       |       |    26 |   121 |   134 |    20 |       |       |       ||   301
       Lajatang          |       |       |       |       |   578 |  1052 |   415 |  1422 |   207 ||  3674
       Hand axe          |       |       |       |       |       |    71 |       |       |       ||    71
Throw: Dart              |       |     2 |     2 |     6 |    13 |    36 |     1 |     2 |       ||    62
       Javelin           |       |       |     3 |       |       |       |       |       |       ||     3
       Boomerang         |       |       |       |       |       |       |       |       |     1 ||     1
 Cast: Freeze            |    35 |    10 |       |       |       |       |       |       |       ||    45
Invok: Heroism           |       |       |     2 |     3 |     1 |       |       |     1 |       ||     7
       Finesse           |       |       |       |       |     3 |       |     1 |     1 |     1 ||     6
Evoke: Wand              |       |       |       |     1 |     1 |     2 |     1 |     1 |       ||     6
       Tin of tremorston |       |       |       |       |     2 |     3 |     4 |     8 |     1 ||    18
       Phial of floods   |       |       |       |       |       |     1 |       |     1 |       ||     2
       Condenser vane    |       |       |       |       |       |       |       |     1 |       ||     1
  Use: Scroll            |       |       |     4 |    11 |    15 |     7 |     3 |     3 |       ||    43
       Potion            |       |       |     6 |     1 |       |     1 |     2 |     2 |     1 ||    13
 Stab: Sleeping          |     1 |     1 |       |       |     1 |     1 |       |       |       ||     4
       Distracted        |       |       |       |       |    12 |    17 |    12 |    23 |     5 ||    69
       Invisible         |       |       |       |       |       |       |     5 |    39 |     1 ||    45
Armor: Robe              |    22 |    25 |       |       |       |       |       |       |       ||    47
       Scale mail        |       |    23 |    69 |   139 |   364 |   659 |   120 |   292 |       ||  1666
       Plate armour      |       |       |       |       |    20 |       |       |       |       ||    20
       Ice dragon scales |       |       |       |       |       |    15 |       |       |       ||    15
       Storm dragon scal |       |       |       |       |       |       |       |    42 |    79 ||   121
       Skin              |       |       |       |       |       |       |       |     1 |       ||     1
Dodge: Dodged            |    21 |    83 |    88 |   177 |   430 |   639 |   330 |   840 |   120 ||  2728
Block: Other             |     3 |    59 |    41 |   136 |   330 |   392 |   137 |   360 |    49 ||  1507

Table legend: (Time is in decaauts)
 A = Elapsed time spent in this place.
 B = Non-inter-level travel time spent in this place.
 C = Inter-level travel time spent in this place.
 D = Time resting spent in this place.
 E = Time spent auto-exploring this place.
 F = Levels seen in this place.
 G = Mean time per level.
                   A        B        C        D        E       F      G
               +--------+--------+--------+--------+--------+-----+--------+
         Total |  49842 |  44925 |   4917 |   8162 |  24869 |  47 | 1060.5 |
       Dungeon |  15383 |  13422 |   1961 |   1640 |   8657 |  15 | 1025.5 |
          Lair |   5715 |   5174 |    541 |    656 |   3325 |   5 | 1143.0 |
         Swamp |   2515 |   2355 |    160 |    141 |   1497 |   4 |  628.8 |
   Spider Nest |   5291 |   4631 |    660 |    882 |   2122 |   4 | 1322.8 |
  Orcish Mines |   1249 |    974 |    275 |      0 |    437 |   2 |  624.5 |
   Elven Halls |   3805 |   3629 |    176 |    853 |   1800 |   3 | 1268.3 |
        Vaults |   7660 |   6893 |    767 |   1761 |   3356 |   5 | 1532.0 |
        Depths |   6088 |   5713 |    375 |   1931 |   2891 |   4 | 1522.0 |
        Bazaar |    325 |    325 |      0 |      0 |    263 |   2 |  162.5 |
      Ice Cave |    727 |    727 |      0 |    115 |    312 |   1 |  727.0 |
        Wizlab |    727 |    727 |      0 |    180 |    117 |   1 |  727.0 |
      Gauntlet |    353 |    353 |      0 |      0 |     90 |   1 |  353.0 |
               +--------+--------+--------+--------+--------+-----+--------+

Top non-repeatable levels by time:
Vaults:1: 2234 daAuts
Spider:3: 1904 daAuts
Vaults:3: 1879 daAuts
Depths:4: 1655 daAuts
Depths:2: 1652 daAuts
   Elf:2: 1563 daAuts
  Lair:5: 1552 daAuts
     D:3: 1484 daAuts
Depths:3: 1481 daAuts
Spider:4: 1464 daAuts
Vaults:2: 1434 daAuts
  Lair:2: 1417 daAuts
Vaults:4: 1412 daAuts
    D:14: 1355 daAuts
Depths:1: 1299 daAuts
